 Dungeon Crawl Stone Soup version 0.25-a0-403-g49d089a364 (webtiles) character file.

Game seed: 12810535832884491043, levelgen mode: deterministic

47 Momonga the Grave Robber (level 3, -4/24 HPs)
             Began as a Vampire Necromancer on Jan 9, 2020.
             Was an Initiate of Makhleb.
             Slain by a worm (7 damage)
             ... on level 2 of the Dungeon.
             The game lasted 00:13:38 (1502 turns).

Momonga the Grave Robber (Vampire Necromancer)      Turns: 1502, Time: 00:13:39

Health: -4/24      AC:  8    Str:  7    XL:     3   Next: 48%
Magic:  4/6        EV:  2    Int: 18    God:    Makhleb [......]
Gold:   80         SH:  0    Dex: 14    Spells: 6/7 levels left

rFire    . . .     SeeInvis +   d - +0 whip
rCold    . . .     Gourm    .   (no shield)
rNeg     . . .     Faith    .   c - +0 chain mail
rPois    .         Spirit   .   (no helmet)
rElec    .         Reflect  .   (no cloak)
rCorr    .         Harm     .   (no gloves)
MR       .....                  (no boots)
Stlth    ..........             (no amulet)
HPRegen  0.28/turn              (no ring)
MPRegen  0.10/turn              (no ring)

@: slightly contaminated, regenerating quickly
A: no food, fangs 3, see invisible, unbreathing
a: Exsanguinate, Renounce Religion


You were on level 2 of the Dungeon.
You worshipped Makhleb.
Makhleb was noncommittal.
You were alive.

You visited 1 branch of the dungeon, and saw 2 of its levels.

You collected 80 gold pieces.

Inventory:

Hand Weapons
 d - a +0 whip (weapon)
 f - a +0 dagger of venom
 n - a +0 hand axe
Missiles
 e - 26 poisoned darts (quivered)
 m - 17 bolts
Armour
 a - a +0 robe
 c - a +0 chain mail (worn)
Scrolls
 b - a scroll of identify {unknown}
 k - a scroll of remove curse {unknown}
Potions
 g - a potion of agility {unknown}
 i - a potion of flight {unknown}
 j - a potion of lignification {unknown}
 l - a potion of haste {unknown}
Comestibles
 h - a ration


   Skills:
 + Level 0.2 Armour
 + Level 2.2 Dodging
 + Level 3.0 Stealth
 + Level 2.5 Spellcasting
 + Level 5.3 Necromancy


You had 6 spell levels left.
You knew the following spells:

 Your Spells              Type           Power        Failure   Level  Hunger
a - Pain                  Necr           ###.         100%        1    N/A

Your spell library contained the following spells:

 Spells                   Type           Power        Failure   Level  Hunger
 Animate Skeleton         Necr           N/A          100%        1    N/A
 Vampiric Draining        Necr           ###.......   100%        3    N/A
 Animate Dead             Necr           N/A          100%        4    N/A
 Agony                    Necr           ###.....     100%        5    N/A

Dungeon Overview and Level Annotations

Branches:
Dungeon (2/15)

Altars:
Makhleb
Zin


Innate Abilities, Weirdness & Mutations

You do not eat.
Your natural rate of healing is unusually fast.
You have razor-sharp teeth.
You have supernaturally acute eyesight. (SInv)
You can survive without breathing.


Message History

The worm bites you.
You hit the worm.
The worm is heavily wounded.
You hit the worm.
The worm is heavily wounded.
The worm bites you but does no damage.
Your chain mail prevents you from hitting the worm.
The worm is heavily wounded.
The worm bites you.
You hit the worm.
The worm is heavily wounded.
You hit the worm.
The worm is severely wounded.
The worm bites you!
* * * LOW HITPOINT WARNING * * *
You feel less contaminated with magical energies.
You hit the worm.
The worm is almost dead.
The worm bites you!
You die...

...... ####.#.....# #...
......###2###.....###...
......#####............
#....#####............
#.....#...............
###.....#...............
#.......#....>..........
#..........#####......##
#......@w.............##
#.......................
#.......###.......###...
#.......# #.......###...
#....######........##...
##### #........###..#.#.
#.#####w## #.#.#. .#
#.#.#. .# ..#.#.##


You could see a worm.

Vanquished Creatures
  An ooze (D:1)
  2 dart slugs (D:1)
  2 bats (D:1)
  A giant cockroach (D:1)
  6 goblins
  6 hobgoblins
  3 jackals (D:1)
  5 kobolds (D:1)
  A quokka (D:2)
  4 frilled lizards
  6 rats
37 creatures vanquished.

Notes
Turn   | Place    | Note
-------+----------+-------------------------------------------
     0 | D:1      | Momonga the Vampire Necromancer began the quest for the
                  | Orb.
     0 | D:1      | Reached XP level 1. HP: 13/13 MP: 3/3
   232 | D:1      | Reached XP level 2. HP: 19/19 MP: 3/5
   524 | D:1      | Reached skill level 5 in Necromancy
   761 | D:1      | Reached XP level 3. HP: 9/24 MP: 1/6
  1307 | D:2      | Found a burning altar of Makhleb.
  1312 | D:2      | Found a glowing silver altar of Zin.
  1313 | D:2      | Noticed an angel
  1313 | D:2      | Noticed a cacodemon
  1332 | D:2      | Became a worshipper of Makhleb the Destroyer
  1502 | D:2      | Slain by a worm

Levels and vault maps discovered:
D:1:      psy_arrival_terrarium, layout_rooms, serial_park_tiny_pond
D:2:      layout_basic, grunt_temple_overflow_order_and_chaos_2, first_ration,
          moated_statue, minmay_three_crescents

Skill      XL: |  1  2 |
---------------+-------+-----
Necromancy     | 5 |  5.3
Armour         | |  0.2
Dodging        | |  2.2
Stealth        | |  3.0
Spellcasting   | |  2.5

Action                   || total
-------------------------++-------
Melee: Unarmed           ||     8
       Bite              ||     7
       Whip              ||    45
 Cast: Pain              ||    52
Armor: Robe              ||     3
       Chain mail        ||    35
Dodge: Dodged            ||    13

Table legend:
 A = Non-vault XP
 B = Vault XP
 C = Vault XP percentage of total XP
 D = Non-vault monster count
 E = Vault monster count
 F = Vault count percentage of total count
                 A         B        C        D         E       F
            +---------+---------+-------+---------+---------+-------
      Total |      67 |       1 |   1.5 |      36 |       1 |   2.7
            +---------+---------+-------+---------+---------+-------
        D:1 |      57 |       0 |   0.0 |      30 |       0 |   0.0
        D:2 |      10 |       1 |   9.1 |       6 |       1 |  14.3
            +---------+---------+-------+---------+---------+-------
